 Dungeon Crawl Stone Soup version 0.29-a0-414-g5075937ec3 (webtiles) character file.

Game seed: 16794373745972601765

46 xian the Scratcher (level 3, -2/17 HPs)
             Began as a Felid Cinder Acolyte on May 15, 2022.
             Was an Initiate of Ignis.
             Slain by a gnoll
             ... wielding a +0 spear
              (9 damage)
             ... on level 2 of the Dungeon.
             The game lasted 00:07:13 (1136 turns).

xian the Scratcher (Felid Cinder Acolyte)           Turns: 1136, Time: 00:07:14

Health: -2/17      AC:  1    Str: 10    XL:     3   Next: 44%
Magic:  5/5        EV: 15    Int: 15    God:    Ignis [......]
Gold:   83         SH:  5    Dex: 13    Spells: 4/4 levels left
                                        Lives:  0   Deaths: 0

rFire   + . .      SeeInvis +     - Unarmed
rCold   . . .      Faith    .   (shield unavailable)
rNeg    . . .      Spirit   .   (body armour unavailable)
rPois   .          Reflect  +   (helmet unavailable)
rElec   .          Harm     .   (cloak unavailable)
rCorr   .          Rampage  .   (gloves unavailable)
Will    .....                   (boots unavailable)
Stlth   +.........              d - amulet of reflection
HPRegen 0.05/turn               (no ring)
MPRegen 0.09/turn               (no ring)

@: quick
A: very small, claws 1, fangs 3, see invisible, speed 1, shaggy fur 1, stealthy
paws, no weapons or thrown items, no armour, multi-lived
a: Renounce Religion


You were on level 2 of the Dungeon.
You worshipped Ignis.
Ignis was noncommittal.
You visited 1 branch of the dungeon, and saw 2 of its levels.

You collected 83 gold pieces.

Inventory:

Jewellery
 d - an amulet of reflection (around neck)
Scrolls
 a - 2 scrolls of torment {unknown}
 c - 3 scrolls of identify {unknown}
 e - a scroll of teleportation {unknown}
 f - a scroll of enchant weapon {unknown}
 i - a scroll of amnesia {unknown}
 l - a scroll of immolation {unknown}
 m - a scroll of fog {unknown}
Potions
 b - a potion of flight {unknown}
 g - 2 potions of curing {unknown}
 h - a potion of heal wounds {unknown}
 j - a potion of attraction {unknown}
 k - a potion of resistance {unknown}


   Skills:
 + Level 3.6 Fighting
 + Level 3.7 Unarmed Combat
 + Level 1.0 Spellcasting
 + Level 3.0 Fire Magic


You had 4 spell levels left.
You didn't know any spells.
Your spell library contained the following spells:

 Spells                   Type           Power      Damage    Failure   Level
 Scorch                   Fire           18%        2d5       11%         2


Dungeon Overview and Level Annotations

Branches:
Dungeon (2/15)

Altars:


Innate Abilities, Weirdness & Mutations

You have sharp claws.
You have razor-sharp teeth.
You have supernaturally acute eyesight. (SInv)
You cover ground quickly. (Speed+)
You are covered in fur. (AC +1)
Your paws help you pounce on unaware monsters.
You are incapable of wielding weapons or throwing items.
You cannot wear armour.
You gain extra lives every three experience levels.


Message History

You see here a +0 club.
A frilled lizard comes into view.
The frilled lizard hisses angrily.
You barely miss the frilled lizard.
The frilled lizard hisses.
You block the frilled lizard's attack.
You closely miss the frilled lizard. You claw the frilled lizard.
You kill the frilled lizard!
k - a fizzy black potion
Found a scroll labelled XYAFEFIDUJ.
l - a scroll labelled POUFRE ATHADUR You see here a scroll labelled XYAFEFIDUJ.
You closely miss the giant cockroach. The giant cockroach barely misses you.
You closely miss the giant cockroach. You bite the giant cockroach.
The giant cockroach is moderately wounded.
The giant cockroach closely misses you.
You scratch the giant cockroach.
You kill the giant cockroach!
You see here a giant cockroach corpse.
m - a scroll labelled XYAFEFIDUJ You see here a giant cockroach corpse. 2 gnolls come into view.
The gnoll shouts!
The gnoll shouts!
You hear a shout! x2
A goblin comes into view. It is wielding a +0 club.
You scratch the gnoll. Your bite misses the gnoll.
The gnoll is moderately wounded.
The gnoll hits you with a +0 whip.
A gnoll comes into view. It is wielding a +0 spear.
You closely miss the gnoll. You claw the gnoll, but do no damage.
The gnoll is moderately wounded.
The gnoll barely misses you.
You scratch the gnoll.
The gnoll is heavily wounded.
The gnoll hits you with a +0 whip.
You claw the gnoll!
You kill the gnoll!
The gnoll hits you from afar with a +0 spear!
Ouch! That really hurt!
You die...

........... .. ..
.#..# ... . #.. #.
####.# .### . #....##
..# ##.# #.....# #.###
....#
#ggg@.####...##....#
#..)#.##........#.
#......#..†.###....#.#
..#.....#.#..#...#...#
. ##......##.#....##.#
#....####...#.(##.###
...##.#.....##.....†##
.###
#...###..#.####†##
##...........)....


You could see 2 gnolls and a goblin.

Vanquished Creatures
  A gnoll (D:2)
  A worm (D:2)
  3 endoplasms (D:1)
  A giant cockroach (D:2)
  7 goblins
  4 hobgoblins (D:1)
  A quokka (D:1)
  2 ball pythons
  2 bats (D:1)
  4 frilled lizards
  4 kobolds
  2 rats
32 creatures vanquished.

Vanquished Creatures (others)
  76 foxfires (D:1)
76 creatures vanquished.

Grand Total: 108 creatures vanquished

Notes
Turn   | Place    | Note
-------+----------+-------------------------------------------
     0 | D:1      | xian the Felid Cinder Acolyte began the quest for the Orb.
     0 | D:1      | Reached XP level 1. HP: 10/10 MP: 3/3
   152 | D:1      | Reached XP level 2. HP: 14/14 MP: 4/4
   901 | D:2      | Reached XP level 3. HP: 12/17 MP: 5/5
  1136 | D:2      | Slain by a gnoll

Illustrated notes

Levels and vault maps discovered:
D:1:      amcnicky_arrival_choice, layout_basic
D:2:      layout_rooms, basic_altar, moated_statue, cheibrodos_gnoll_hut

Skill      XL: |  1  2 |
---------------+-------+-----
Fire Magic     | 3 |  3.0
Fighting       | |  3.6
Unarmed Combat | |  3.7
Spellcasting   | |  1.0

Action                   || total
-------------------------++-------
Melee: Unarmed           ||    48
       Bite              ||     4
       Punch             ||     2
Invok: Foxfire Swarm     ||     7
       Fiery Armour      ||     3
       Rising Flame      ||     1
Armor: Skin              ||     4
Dodge: Dodged            ||    27
Block: Other             ||     9
       Reflection        ||     2

Table legend: (Time is in decaauts)
 A = Elapsed time spent in this place.
 B = Non-inter-level travel time spent in this place.
 C = Inter-level travel time spent in this place.
 D = Time resting spent in this place.
 E = Time spent auto-exploring this place.
 F = Levels seen in this place.
 G = Mean time per level.
                   A        B        C        D        E       F      G
               +--------+--------+--------+--------+--------+-----+--------+
         Total |   1009 |    996 |     13 |    277 |    273 |   2 |  504.5 |
       Dungeon |   1009 |    996 |     13 |    277 |    273 |   2 |  504.5 |
               +--------+--------+--------+--------+--------+-----+--------+

Top non-repeatable levels by time:
     D:1: 930 daAuts
     D:2: 78 daAuts
